 Dungeon Crawl Stone Soup version 0.30-a0-219-gf2db51d15e (console) character file.

Game seed: 5250839447934291994

1845 jejorda2 the Spear-Bearer (level 9, -3/69 HPs)
             Began as a Merfolk Berserker on Oct 6, 2022.
             Was a Priest of Trog.
             Slain by an orc knight
             ... wielding a +0 glaive
              (12 damage)
             ... in a bailey.
             The game lasted 00:18:09 (4172 turns).

jejorda2 the Spear-Bearer (Merfolk Berserker)       Turns: 4172, Time: 00:18:10

Health: -3/69      AC: 20    Str: 15 (16) XL:     9   Next: 12%
Magic:  9/9        EV: 14    Int:  5      God:    Trog [***...]
Gold:   77         SH:  0    Dex: 21 (22) Spells: 8/8 levels left

rFire   + . .      SeeInvis .    a - +0 glaive (vorpal)
rCold   . . .      Faith    .    (shield currently unavailable)
rNeg    . . .      Spirit   .    m - +7 ring mail of Syndicalism {rElec rF+}
rPois   .          Reflect  .    (no helmet)
rElec   +          Harm     .    f - +0 cloak
rCorr   .          Rampage  .    g - +2 pair of gloves
Will    .....      Rage     3%   (no boots)
Stlth   +.........               (no amulet)
HPRegen 0.31/turn                p - +4 ring of protection
MPRegen 0.11/turn                (no ring)

@: on berserk cooldown, slowed, very slow
A: (nimble swimmer 2), mertail, agile 1, berserk 1, deterioration 1
a: Renounce Religion, Berserk, Trog's Hand


You were in a bailey.
You worshipped Trog.
Trog was most pleased with you.
You visited 1 branch of the dungeon, and saw 6 of its levels.
You also visited: Bailey.

You collected 271 gold pieces.
You spent 194 gold pieces at shops.

Inventory:

Hand Weapons
 a - a +0 vorpal glaive (weapon)
 b - a +3 trident
 d - the +3 triple crossbow of the Enemy {vorpal, Drain *Slow Will+++ Stlth+}
   (You found it in a bailey)

   Any ammunition fired from it inflicts extra damage upon your enemies.
   Drain:     It drains your maximum health when unequipped.
   *Slow:     It may slow you when you take damage.
   Will:      It greatly increases your willpower.
   Stlth:     It makes you more stealthy.
Missiles
 c - a curare-tipped dart
 i - 49 stones (quivered)
 l - 12 poisoned darts
 u - 6 boomerangs
Armour
 f - a +0 cloak (worn)
 g - a +2 pair of gloves (worn)
 m - the +7 ring mail of Syndicalism (worn) {rElec rF+}
   (You found it on level 3 of the Dungeon)

   rF:        It protects you from fire.
   rElec:     It insulates you from electricity.
Jewellery
 p - a +4 ring of protection (left hand)
Wands
 h - a wand of polymorph (8)
 q - a wand of paralysis (7)
Scrolls
 w - a scroll of enchant weapon {unknown}
Potions
 o - 3 potions of curing
 t - a potion of lignification
 v - a potion of haste


   Skills:
 - Level 6.0 Fighting
 * Level 12.5 Polearms
 - Level 1.9 Armour
 - Level 6.0 Dodging
 + Level 2.3 Evocations


You had 8 spell levels left.
You didn't know any spells.
Your spell library was empty.

Dungeon Overview and Level Annotations

Branches:
Dungeon (7/15)             Temple (0/1) D:4          Bailey (1/1)

Altars:
Okawaru
Ru
Uskayaw
Vehumet
Wu Jian
Xom

Shops:
D:4 **


Innate Abilities, Weirdness & Mutations

((You are very nimble when in or above water. (Stealth+, EV+, Speed+++)))
Your lower body shifts to a powerful aquatic tail in water.
You are agile. (Dex +4, Str/Int -1)
You sometimes lose your temper in combat.
Your body sometimes deteriorates upon taking damage.


Message History

The orc hits you from afar with a +0 trident.
Something hits your ogre!
Your ogre dies!
Your ogre's corpse disappears in a puff of smoke!
The orc closely misses you.
There is a gate leading back out of this place here.
Reach: a) +0 glaive (vorpal)
Press: ? - help, Dir - move target, f - orc
Aim: an orc, wielding a +0 spear and wearing a +0 scale mail (strong, about 31% to evade your +0 vorpal glaive)
You reach to attack!
You hit the orc.
You kill the orc!
Trog accepts your kill. The orc hits you but does no damage.
The orc hits you from afar with a +0 trident!
The orc knight hits you from afar with a +0 glaive.
Aiming: Paralyse
Press: ? - help, Shift-Dir - straight line, f - orc knight
Aim: an orc knight, wielding a +0 glaive and wearing a +0 chain mail (almost dead, chance to affect: 37%)
The orc knight resists with some effort.
The orc barely misses you.
The orc knight hits you from afar with a +0 glaive!
* * * LOW HITPOINT WARNING * * *
Your body deteriorates!
You feel weakened.
Aiming: Paralyse
Press: ? - help, Shift-Dir - straight line, f/p - orc knight
Aim: an orc knight, wielding a +0 glaive and wearing a +0 chain mail (almost dead, chance to affect: 37%)
The orc knight resists with some effort.
The orc closely misses you.
The orc knight hits you from afar with a +0 glaive!
* * * LOW HITPOINT WARNING * * *
The orc hits you but does no damage.
The orc knight hits you from afar with a +0 glaive.
* * * LOW HITPOINT WARNING * * *
Okay, then.
As you read the scroll of summoning, it crumbles to dust.
Wisps of shadow whirl around you...
Your skin stops crawling.
You feel less strong-willed. The orc barely misses you.
The orc knight hits you from afar with a +0 glaive!
You die...

.≈≈###≈≈...............≈≈###≈≈...
.≈##.##≈...............≈##.##≈...
.≈#....................))...#≈...
.≈##)∩#≈...............≈#∩.##≈...
.≈≈#)##≈....#######....≈##.#≈≈...
..≈≈)≈≈≈...##..g.##....≈≈≈.≈≈....
..........##..go.##..............
.........##..#o'o##..............
.........#..##og@##..##..........
........##.####'####.##..........
........##.')#oo.#)'.##..........
........##.###._.###.##..........
........##.')#?.:#.'.##..........
........##.#########.##..........
.........#..##)#.##..#...........
.........##..#'#'#..##...........
..........##.......##.......)....


You could see an orc knight (ally target), an orc (strong), a friendly orc
warrior (summoned), 3 friendly gnolls and 3 friendly orcs.

Vanquished Creatures
  3 yaks (D:7)
  5 orc warriors (Bailey)
  An ice beast (D:5)
  A bullfrog (D:7)
  2 kobold brigands (D:7)
  3 hounds
  2 jellies
  An orc priest (D:3)
  An iguana (D:5)
  2 orc wizards
  Natasha (thrice) (D:4)
  9 adders
  2 ufetubi
  2 worms
  5 dart slugs
  28 orcs
  6 ball pythons
  7 endoplasms
  2 giant cockroaches
  8 goblins
  10 hobgoblins
  17 kobolds
  3 quokkas
  8 bats
  2 frilled lizards
  4 rats
137 creatures vanquished.

Vanquished Creatures (collateral kills)
  An orc warrior (Bailey)
1 creature vanquished.

Vanquished Creatures (others)
  2 fungi (D:7)
2 creatures vanquished.

Grand Total: 140 creatures vanquished

Notes
Turn   | Place    | Note
-------+----------+-------------------------------------------
     0 | D:1      | jejorda2 the Merfolk Berserker began the quest for the Orb.
     0 | D:1      | Reached XP level 1. HP: 18/18 MP: 1/1
   121 | D:1      | Reached XP level 2. HP: 24/24 MP: 2/2
   394 | D:1      | Found a faded altar of an unknown god.
   416 | D:1      | Reached XP level 3. HP: 29/29 MP: 3/3
   770 | D:2      | Reached ** piety under Trog
  1017 | D:2      | Reached skill level 5 in Polearms
  1278 | D:3      | Reached XP level 4. HP: 37/37 MP: 4/4
  1322 | D:3      | Identified the +7 ring mail of Syndicalism {rElec rF+}
  1346 | D:3      | Found a sacrificial altar of Ru.
  1423 | D:3      | Found a hide-covered altar of Uskayaw.
  1647 | D:3      | Reached XP level 5. HP: 42/42 MP: 5/5
  1652 | D:3      | Reached skill level 6 in Polearms
  2109 | D:4      | Found an iron altar of Okawaru.
  2250 | D:4      | Reached XP level 6. HP: 49/49 MP: 6/6
  2268 | D:4      | Reached *** piety under Trog
  2350 | D:4      | Found a shimmering altar of Xom.
  2432 | D:4      | Noticed Natasha
  2436 | D:4      | Killed Natasha
  2532 | D:4      | Found Qagus's General Store.
  2535 | D:4      | Bought a scroll of identify for 22 gold pieces
  2535 | D:4      | Bought 5 boomerangs for 27 gold pieces
  2535 | D:4      | Bought a scroll of enchant armour for 82 gold pieces
  2677 | D:4      | Found a staircase to the Ecumenical Temple.
  2716 | D:4      | Found an ornate altar of the Wu Jian Council.
  2769 | D:4      | Noticed Natasha
  2803 | D:4      | Killed Natasha
  2849 | D:4      | Found Hyek's General Store.
  2962 | D:4      | Bought a +0 pair of gloves for 63 gold pieces
  3104 | D:4      | door past lava
  3134 | D:5      | Entered Level 5 of the Dungeon
  3160 | D:5      | Noticed an ice beast
  3170 | D:5      | Killed an ice beast
  3171 | D:5      | Reached skill level 7 in Polearms
  3171 | D:5      | Reached skill level 5 in Dodging
  3195 | D:4      | Noticed Natasha
  3205 | D:4      | Killed Natasha
  3206 | D:4      | Reached XP level 7. HP: 55/55 MP: 7/7
  3291 | D:5      | Reached skill level 5 in Fighting
  3414 | D:5      | Reached skill level 8 in Polearms
  3469 | D:5      | Found a radiant altar of Vehumet.
  3559 | D:5      | You fall into a shaft and drop 2 floors!
  3644 | D:7      | Noticed a yak
  3645 | D:7      | Noticed a yak
  3645 | D:7      | Noticed a yak
  3666 | D:7      | Killed a yak
  3667 | D:7      | Reached skill level 9 in Polearms
  3667 | D:7      | Reached XP level 8. HP: 31/64 MP: 8/8
  3667 | D:7      | Killed a yak
  3671 | D:7      | Killed a yak
  3672 | D:7      | Reached skill level 10 in Polearms
  3677 | D:7      | Gained mutation: Your body sometimes deteriorates upon
                  | taking damage. [potion of mutation]
  3677 | D:7      | Gained mutation: You sometimes lose your temper in combat.
                  | [potion of mutation]
  3677 | D:7      | Gained mutation: You are agile. (Dex +4, Str/Int -1)
                  | [potion of mutation]
  3678 | D:7      | HP: 3/64 [kobold/+2 vorpal spear (5)]
  3686 | D:7      | Found a flagged portal.
  3795 | Bailey   | Entered a bailey
  3815 | Bailey   | Reached skill level 11 in Polearms
  3942 | Bailey   | Reached **** piety under Trog
  4081 | Bailey   | Reached skill level 1 in Evocations
  4127 | Bailey   | Reached skill level 12 in Polearms
  4127 | Bailey   | Reached XP level 9. HP: 64/69 MP: 9/9
  4143 | Bailey   | Identified the +3 triple crossbow of the Enemy {vorpal,
                  | Drain *Slow Will+++ Stlth+}
  4147 | Bailey   | Noticed an orc knight
  4172 | Bailey   | Slain by an orc knight

Illustrated notes

..§...# .≈.≈..#
######### ≈...≈.###
#.......# ..∩..≈#.#
#.......# ≈...≈..##
#######.# .≈.≈..##
############.####
..≈....#
#)≈§§.....##....#
########
#)#≈≈≈....##.##.#
+)..≈≈@_...'.##.#
#)#≈§≈....#####.#######
#)≈≈§.....##...........
###############.######.
############ ### #.# #.
#..........# #.# #.# #.
#.########.# #.####.#
#. #.# #.###.....[# #.
#######.###
#......##### #.


Turn 3104 on D:4: door past lava

Levels and vault maps discovered:
D:1:      lemuel_arrival_rhombus, layout_rooms, nicolae_ecumenical_lake_church
D:2:      layout_loops_ring
D:3:      layout_loops_cross, mainiacjoe_overflow_alcove_2,
          nicolae_ru_path_of_blood
D:4:      layout_loops_ring, okawaru_ov_weapons_minmay, tgw_xom,
          nicolae_wu_jian_glorious_leap, minmay_temple_entry_poolview,
          serial_shops, nicolae_diamond_shop, nicolae_shop_hallway_stairs,
          minmay_strange_pillars, uniq_natasha
D:5:      layout_basic, lemuel_crystal_altar,
          hangedman_abyss_or_decor_lesser_grid
D:7:      layout_basic, enter_bailey_2, gammafunk_ghost_necromancy,
          dilly_guarded_unrand_devastator, uniq_crazy_yiuf_cottage
Bailey:   bailey_polearm_2, bailey

Skill      XL: |  1  2  3  4  5  6  7  8  9 |
---------------+----------------------------+-----
Dodging        | 3 4 5 6 |  6.0
Polearms       | 5 6 7 9 12 | 12.5
Fighting       | 4 5 6 |  6.0
Evocations     | 1 2 |  2.3
Armour         | |  1.9

Action                   |  1- 3 |  4- 6 |  7- 9 || total
-------------------------+-------+-------+-------++-------
Melee: Glaive            |    73 |   183 |   159 ||   415
       Tailslap          |     1 |       |     4 ||     5
Throw: Stone             |     1 |     2 |       ||     3
Invok: Trog's Hand       |       |     4 |     3 ||     7
       Berserk           |       |     2 |     2 ||     4
       Brothers in Arms  |       |       |     1 ||     1
Evoke: Wand              |       |       |     2 ||     2
  Use: Scroll            |       |     5 |     9 ||    14
       Potion            |       |       |     2 ||     2
Armor: Scale mail        |    15 |       |       ||    15
       Animal skin       |     1 |       |       ||     1
       Plate armour      |     6 |    12 |       ||    18
       Chain mail        |     5 |       |       ||     5
       Ring mail         |       |    84 |   104 ||   188
       Skin              |       |     6 |       ||     6
Dodge: Dodged            |    26 |   125 |   161 ||   312

Table legend: (Time is in decaauts)
 A = Elapsed time spent in this place.
 B = Non-inter-level travel time spent in this place.
 C = Inter-level travel time spent in this place.
 D = Time resting spent in this place.
 E = Time spent auto-exploring this place.
 F = Levels seen in this place.
 G = Mean time per level.
                   A        B        C        D        E       F      G
               +--------+--------+--------+--------+--------+-----+--------+
         Total |   4300 |   4127 |    173 |    208 |   2755 |   7 |  614.3 |
       Dungeon |   3927 |   3754 |    173 |    144 |   2600 |   6 |  654.5 |
        Bailey |    373 |    373 |      0 |     64 |    154 |   1 |  373.0 |
               +--------+--------+--------+--------+--------+-----+--------+

Top non-repeatable levels by time:
     D:4: 1122 daAuts
     D:3: 861 daAuts
     D:2: 700 daAuts
     D:1: 577 daAuts
     D:5: 431 daAuts
  Bailey: 373 daAuts
     D:7: 234 daAuts
